 Dungeon Crawl Stone Soup version 0.21-a0-153-g78480df (webtiles) character file.

250 seren the Archer (level 5, 0/46 HPs)
             Began as a Centaur Hunter on July 31, 2017.
             Succumbed to a killer bee's poison
             ... on level 8 of the Dungeon.
             The game lasted 00:09:21 (3710 turns).

seren the Archer (Centaur Hunter)                   Turns: 3710, Time: 00:09:22

Health: 0/46       AC:  9    Str: 14    XL:     5   Next: 88%
Magic:  5/5        EV:  8    Int: 10    God:
Gold:   75         SH:  0    Dex: 11    Spells: 4/4 levels left

rFire    . . .     SeeInvis .   a - +1 shortbow
rCold    + . .     Gourm    .   (shield currently unavailable)
rNeg     . . .     Faith    .   g - +2 ring mail {rC+}
rPois    .         Spirit   .   p - +0 helmet
rElec    .         Reflect  .   (no cloak)
rCorr    .         Harm     .   e - +0 pair of gloves
MR       .....                  (no barding)
Stlth    +.........             (no amulet)
HPRegen  0.15/turn              (no ring)
MPRegen  0.09/turn              (no ring)

@: lethally poisoned (0 -> -14), flying, very quick
A: hooves 3, deformed body, speed 2, tough skin 3
a: no special abilities


You were on level 8 of the Dungeon.
You were not hungry.

You visited 1 branch of the dungeon, and saw 6 of its levels.

You collected 75 gold pieces.

Inventory:

Hand Weapons
 a - a +1 shortbow (weapon)
 b - a +0 short sword
Missiles
 d - 57 arrows (quivered)
Armour
 e - a +0 pair of gloves (worn)
 g - a +2 ring mail of cold resistance (worn)
 p - a +0 helmet (worn)
Scrolls
 h - a scroll of identify
 j - a scroll of random uselessness {unknown}
 n - a scroll of remove curse
Comestibles
 f - a bread ration
 i - 2 chunks of flesh
 k - a royal jelly


   Skills:
 + Level 3.8 Fighting
 + Level 8.3 Bows
 - Level 1.3 Dodging
 - Level 0.4 Stealth


You had 4 spell levels left.
You didn't know any spells.

Dungeon Overview and Level Annotations

Branches:
Dungeon (8/15)
 Temple: D:4-7         Lair: D:8-11

Altars:
Elyvilon
Wu Jian
Zin

Annotations:
D:3 Sigmund


Innate Abilities, Weirdness & Mutations

You have hooves in place of feet.
Armour fits poorly on your strangely shaped body.
You cover ground very quickly.
You have extremely tough skin. (AC +3)


Message History

The worker ant twitches its antennae in your direction.
You feel sick. The killer bee stings you.
* * * LOW HITPOINT WARNING * * *
The killer bee stings you.
* * * LOW HITPOINT WARNING * * *
The killer bee stings you but does no damage.
The killer bee stings you.
* * * LOW HITPOINT WARNING * * *
You are more poisoned.
The killer bee poisons you!
Unknown command.
Unknown command.
Unknown command.
Unknown command.
Firing (i - inventory):
d - 58 arrows (quivered)
Press: ? - help, Shift-Dir - straight line, f/p - killer bee
Aim: a killer bee (severely wounded)
You shoot an arrow.
The arrow completely misses the killer bee.
You die...

###....... #........#
.# #........+ #.#
#........# #.#
#........# #.#
#........# #.#
#........# #.#
#...รท....#
#.###...@y..(#
#.....y.....#
#.##.....[...########
#.#
#.######a.........
#.#
#(...###.......... ##
####.#............
#.##'######## #.##.#
#.....


You could see a worker ant and 2 killer bees.

Vanquished Creatures
  A crimson imp (D:8)
  Natasha (thrice) (D:2 D:1)
  A worker ant zombie (D:7)
  Robin (D:2)
  A gnoll (D:1)
  2 adders (D:2)
  A shadow imp (D:7)
  An ooze (D:1)
  4 dart slugs
  A worm (D:2)
  2 leopard geckos
  An orc (D:3)
  A ball python (D:1)
  4 bats
  4 giant cockroaches
  6 hobgoblins
  7 jackals
  2 quokkas (D:2)
  3 frilled lizards
  16 goblins
  4 kobolds
  3 rats
69 creatures vanquished.

Notes
Turn   | Place    | Note
-------+----------+-------------------------------------------
     0 | D:1      | seren the Centaur Hunter began the quest for the Orb.
     0 | D:1      | Reached XP level 1. HP: 17/17 MP: 1/1
   121 | D:1      | Reached XP level 2. HP: 20/24 MP: 2/2
   168 | D:1      | Reached skill level 6 in Bows
   728 | D:1      | Reached XP level 3. HP: 9/29 MP: 3/3
  1391 | D:2      | Reached skill level 7 in Bows
  1883 | D:2      | Noticed Natasha
  2049 | D:2      | Found a glowing silver altar of Zin.
  2051 | D:2      | Found an ornate altar of the Wu Jian Council.
  2056 | D:2      | Found a white marble altar of Elyvilon.
  2110 | D:2      | Reached XP level 4. HP: 27/37 MP: 4/4
  2192 | D:2      | Killed Natasha
  2192 | D:2      | Noticed Natasha
  2202 | D:2      | Killed Natasha
  2433 | D:2      | Noticed Natasha
  2454 | D:1      | Killed Natasha
  2454 | D:1      | Reached XP level 5. HP: 29/45 MP: 5/5
  2586 | D:2      | Found a faded altar of an unknown god.
  2646 | D:2      | Noticed Robin
  3038 | D:2      | Killed Robin
  3038 | D:2      | Reached skill level 8 in Bows
  3350 | D:3      | Noticed Sigmund
  3406 | D:3      | You fall through a shaft for 3 floors!
  3416 | D:7      | Noticed an ice beast
  3416 | D:7      | Noticed an ogre
  3709 | D:8      | HP: 1/46 [killer bee (2)]
  3710 | D:8      | Succumbed to a killer bee's poison

Vault maps used:
D:1:      nicolae_arrival_washed_ashore
D:2:      minitemple, chequers_ecumenical_altar_grove, uniq_robin, uniq_natasha
D:3:      nicolae_overflow_hidden_temple, uniq_sigmund, uniq_ijyb
D:6:      lemuel_doored_altar, serial_shops, shop_scrolls, uniq_pikel
D:7:      minmay_temple_entry_butterflies
D:8:      lemuel_round_altar, lair_entry_dummy, serial_shops, kennysheep_mini,
          shop, blue_anna_alchemist, makhleb_heckhound_becter

Skill      XL: |  1  2  3  4  5 |
---------------+----------------+-----
Bows           | 6 7 8 |  8.3
Fighting       | 3 |  3.8
Dodging        | |  1.3
Stealth        | |  0.4

Action                   |  1- 3 |  4- 6 || total
-------------------------+-------+-------++-------
Melee: Short sword       |   145 |     3 ||   148
       Kick              |    25 |       ||    25
       Shortbow          |       |     1 ||     1
 Fire: Shortbow          |       |   143 ||   143
  Use: Scroll            |       |     5 ||     5
       Potion            |       |     3 ||     3
  Eat: Chunk             |     3 |     4 ||     7
Armor: Leather armour    |    74 |       ||    74
       Ring mail         |    10 |    70 ||    80
Dodge: Dodged            |    87 |    63 ||   150
